 Dungeon Crawl Stone Soup version 0.28.0-43-g3370ac3207 (webtiles) character file.

Game seed: 1540495734881833900

209 smarlow the Conjurer (level 6, -2/66 HPs)
             Began as a Human Conjurer on Mar 15, 2022.
             Slain by an ice beast (7 damage)
             ... on level 3 of the Dungeon.
             The game lasted 00:07:06 (3452 turns).

smarlow the Conjurer (Human Conjurer)               Turns: 3452, Time: 00:07:06

Health: -2/66      AC: 23    Str:  7    XL:     6   Next: 12%
Magic:  2/11       EV:  2    Int: 21    God:
Gold:   59         SH:  0    Dex: 11    Spells: 4/11 levels left

rFire   . . .      SeeInvis .   (no weapon)
rCold   . . .      Faith    .   (no shield)
rNeg    . . .      Spirit   .   (armour currently unavailable)
rPois   +          Reflect  .   (helmet currently unavailable)
rElec   .          Harm     .   (cloak currently unavailable)
rCorr   .          Rampage  .   (gloves currently unavailable)
Will    .....      NoTele   +   (boots currently unavailable)
Stlth   ++........              (no amulet)
HPRegen 0.21/turn               h - ring of flight
MPRegen 0.12/turn               (no ring)

@: brilliant, tree-form, attractive
A: stationary, stasis, torment immunity, boosted hp
a: no special abilities


You were on level 3 of the Dungeon.
You were a tree.
You visited 1 branch of the dungeon, and saw 3 of its levels.

You collected 59 gold pieces.

Inventory:

Armour
 a - a +0 robe (melded)
Jewellery
 h - a ring of flight (left branch)
Scrolls
 b - a scroll of enchant weapon
 f - a scroll of enchant armour {unknown}
 g - a scroll of blinking


   Skills:
 + Level 2.1 Fighting
 + Level 2.9 Dodging
 + Level 3.0 Stealth
 * Level 3.3 Spellcasting
 * Level 4.6 Conjurations


You had 4 spell levels left.
You knew the following spells:

 Your Spells              Type           Power      Damage    Failure   Level
a - Magic Dart            Conj           100%       1d8       1%          1
b - Searing Ray           Conj           68%        2d6       2%          2
c - Fulminant Prism       Conj/Hex       10%        3d9       43%         4

Your spell library contained the following spells:

 Spells                   Type           Power      Damage    Failure   Level
 Dazzling Flash           Conj/Hex       40%        N/A       14%         3
 Call Canine Familiar     Summ           5%         N/A       36%         3
 Portal Projectile        Hex/Tloc       10%        N/A       36%         3
 Iskenderun's Mystic Bla  Conj/Tloc      20%        2d6       43%         4
 Leda's Liquefaction      Hex/Erth       2%         N/A       77%         4


Dungeon Overview and Level Annotations

Branches:
Dungeon (3/15)

Altars:


Message History

Your Stealth skill increases to level 3!
You have reached level 6!
You hit the ice beast but do no damage.
The ice beast hits you but does no damage.
You barely miss the ice beast.
The ice beast hits you but does no damage.
You hit the ice beast.
The ice beast is lightly wounded.
The ice beast hits you but does no damage.
You hit the ice beast but do no damage.
The ice beast is lightly wounded.
The ice beast hits you but does no damage.
You hit the ice beast but do no damage.
The ice beast is lightly wounded.
The ice beast hits you but does no damage.
You hit the ice beast.
The ice beast is lightly wounded.
The ice beast hits you but does no damage.
You hit the ice beast but do no damage.
The ice beast is lightly wounded.
The ice beast hits you.
* * * LOW HITPOINT WARNING * * *
The ice beast freezes you!
* * * LOW HITPOINT WARNING * * *
You hit the ice beast.
The ice beast is moderately wounded.
The ice beast hits you but does no damage.
You barely miss the ice beast.
You punch the ice beast, but do no damage.
The ice beast is moderately wounded.
The ice beast completely misses you.
You hit the ice beast but do no damage.
The ice beast is moderately wounded.
The ice beast hits you but does no damage.
You smack the ice beast!
The ice beast is heavily wounded.
The ice beast hits you.
* * * LOW HITPOINT WARNING * * *
The ice beast freezes you!
You die...

..##...#.#..#
.......<...#
##.#..#.#..#
#.........# #.
###.......#
#.#.#######.#.###
.............###
#..............#
###.).........##♣#
...............Y†#.#
................#..#
#..........#.##.##
###............##.#
.....#...#####....#
#.##.###.....#..###
...#.# #######..#
.....# #...###


You could see an ice beast.

Vanquished Creatures
  A scorpion (D:3)
  An orc priest (D:2)
  4 gnolls
  An adder (D:2)
  2 worms
  A dart slug (D:2)
  3 orcs
  11 ball pythons
  6 endoplasms
  10 giant cockroaches
  5 goblins
  3 hobgoblins
  5 kobolds
  2 quokkas
  6 bats
  A frilled lizard (D:1)
  5 rats
67 creatures vanquished.

Notes
Turn   | Place    | Note
-------+----------+-------------------------------------------
     0 | D:1      | smarlow the Human Conjurer began the quest for the Orb.
     0 | D:1      | Reached XP level 1. HP: 13/13 MP: 3/3
   210 | D:1      | Reached XP level 2. HP: 19/19 MP: 0/5
   276 | D:1      | Learned a level 2 spell: Searing Ray
   682 | D:1      | Found a faded altar of an unknown god.
   697 | D:1      | Reached XP level 3. HP: 25/25 MP: 0/6
  1064 | D:2      | Reached skill level 1 in Fighting
  1403 | D:2      | Reached XP level 4. HP: 18/32 MP: 2/8
  1813 | D:2      | Reached XP level 5. HP: 37/37 MP: 4/9
  1822 | D:2      | Learned a level 4 spell: Fulminant Prism
  3307 | D:3      | Noticed an ice beast
  3442 | D:3      | Reached XP level 6. HP: 21/44 MP: 0/11
  3452 | D:3      | Slain by an ice beast

Illustrated notes

Levels and vault maps discovered:
D:1:      eino_arrival_water_star, layout_basic, basic_ecumenical_altar,
          nrook_loot_triangle
D:2:      minmay_roachtagon, layout_rooms, kennysheep_crisscross
D:3:      layout_rooms, gup_sewer_entry_bowl, st_stairs_14,
          minmay_misc_feat_doors

Skill      XL: |  1  2  3  4  5 |
---------------+----------------+-----
Fighting       | 1 2 |  2.1
Spellcasting   | 3 |  3.3
Stealth        | 3 |  3.0
Dodging        | |  2.9
Conjurations   | |  4.6

Action                   |  1- 3 |  4- 6 || total
-------------------------+-------+-------++-------
Melee: Unarmed           |       |    12 ||    12
       Punch             |       |     1 ||     1
 Cast: Magic Dart        |    56 |    91 ||   147
       Searing Ray       |     3 |    12 ||    15
  Use: Potion            |       |     4 ||     4
       Scroll            |       |     2 ||     2
Armor: Robe              |     6 |     8 ||    14
       Skin              |       |    13 ||    13
Dodge: Dodged            |    16 |    25 ||    41
